Avalanche vs Flyers
Created - November 24, 2018 at 19:47
Goals
|
Avalanche |
0 |
0 |
1 |
0 |
0 |
1 |
Flyers |
1 |
0 |
0 |
0 |
1 |
2 |
|
Shots
|
Avalanche |
10 |
7 |
12 |
1 |
3 |
30 |
Flyers |
18 |
15 |
4 |
0 |
2 |
37 |
|
1st period
1. Flyers , Mats Zuccarello 4 (Kyle Wellwood 16, Jakub Voracek 17) at 17:48 (PP)
Penalties :
Brandon Yip (Col) for Boarding (Minor) at 2:27, Matthew Lombardi (Phi) for Holding (Minor) at 6:44, Andrew Ladd (Col) for Diving (Minor) at 11:31, Kyle Wellwood (Phi) for Boarding (Minor) at 11:50, Mikkel Boedker (Col) for Roughing (Minor) at 17:10
2nd period
No Goal
Penalties :
Paul Stastny (Col) for Holding (Minor) at 11:38, Greg Campbell (Col) for Tripping (Minor) at 15:06, Paul Stastny (Col) for Interference (Minor) at 17:49, Johnny Boychuk (Col) for Interference (Minor) at 19:34
3rd period
2. Avalanche , Mikkel Boedker 14 (Bryan Little 20, Patric Hornqvist 13) at 14:39
Penalties :
Jaromir Jagr (Phi) for Interference (Minor) at 6:17, Zach Boychuk (Col) for Hooking (Minor) at 18:00
Overtime #1
No Goal
Penalties :
No Penalty
Shootout
Penalty Shot by Mikkel Boedker for Avalanche - Stopped by Steve Mason
Penalty Shot by Jeff Carter for Flyers - Shot Misses the Net
Penalty Shot by Patric Hornqvist for Avalanche - Stopped by Steve Mason
Penalty Shot by Dany Heatley for Flyers - Goal!
Penalty Shot by Paul Stastny for Avalanche - Stopped by Steve Mason
Penalties :
No Penalty
Goalie Stats
Semyon Varlamov (Col), 36 saves from 37 shots - (0.973), OTL, 6-5-1, 65:00 minutes
Steve Mason (Phi), 29 saves from 30 shots - (0.967), W, 8-3-1, 65:00 minutes
Players Stats for Avalanche
Player Name G A P +/- PIM S H SB GA TA FO MP PP MP PK MP
------------------------------------------------------------------------------------
Alexander Radulov 0 0 0 0 0 2 3 1 0 2 1/1 14:21 2:05 0:00
Andrei Kostitsyn 0 0 0 0 0 1 3 1 0 1 0/0 12:28 2:05 0:58
Andrew Ladd 0 0 0 0 2 1 2 0 0 0 0/2 18:25 0:01 3:23
Brandon Yip 0 0 0 0 2 0 1 0 0 0 0/0 13:14 0:00 2:34
Bryan Little 0 1 1 1 0 4 2 0 0 1 9/18 17:42 2:11 0:00
Chuck Kobasew 0 0 0 0 0 0 0 0 0 0 1/1 15:22 0:12 8:35
Dan Boyle 0 0 0 0 0 0 1 0 1 0 0/0 13:51 0:39 0:00
Dominic Moore 0 0 0 0 0 0 0 0 0 0 2/15 14:44 0:00 8:21
Greg Campbell 0 0 0 0 2 1 2 0 0 0 3/6 9:06 0:00 1:09
Jack Johnson 0 0 0 1 0 0 1 3 0 2 0/0 26:19 1:36 4:31
Jay Bouwmeester 0 0 0 0 0 0 1 1 1 0 0/0 17:58 1:15 0:05
Johnny Boychuk 0 0 0 0 2 3 0 0 0 0 0/0 20:20 0:00 4:08
Marc Staal 0 0 0 0 0 3 1 1 1 1 0/0 27:02 2:30 8:23
Mikkel Boedker 1 0 1 1 2 6 1 0 1 1 1/1 19:02 2:12 0:00
Patric Hornqvist 0 1 1 1 0 3 2 2 0 0 3/4 19:02 2:12 0:00
Paul Stastny 0 0 0 0 4 3 1 0 1 0 11/15 12:56 2:05 0:00
Pernell Karl Subban 0 0 0 1 0 2 2 2 0 1 0/0 27:07 2:22 8:06
Zach Boychuk 0 0 0 0 2 1 1 0 0 0 0/0 6:22 0:00 0:00
Players Stats for Flyers
Player Name G A P +/- PIM S H SB GA TA FO MP PP MP PK MP
------------------------------------------------------------------------------------
Brian Lashoff 0 0 0 -1 0 0 2 0 0 0 0/1 13:06 0:31 0:28
Brian McGrattan 0 0 0 0 0 0 0 0 0 0 0/0 7:08 0:00 0:00
Chris Mcallister 0 0 0 0 0 1 0 0 1 1 0/0 11:12 0:00 2:31
Dany Heatley 0 0 0 -1 0 1 0 0 0 0 0/0 9:44 0:00 0:52
Drew Miller 0 0 0 0 0 6 2 1 0 0 3/4 20:44 5:41 0:02
J.T. Miller 0 0 0 0 0 2 2 0 1 0 0/0 22:41 6:56 0:54
Jakub Voracek 0 1 1 0 0 3 1 1 0 0 2/2 21:33 5:41 0:00
Jaromir Jagr 0 0 0 -1 2 0 0 1 0 0 0/0 9:07 0:00 0:00
Jeff Carter 0 0 0 -1 0 2 3 0 2 0 15/28 22:53 5:41 0:00
Jeff Woywitka 0 0 0 0 0 2 1 1 0 0 0/0 25:23 6:28 2:24
Jonathan Ericsson 0 0 0 -1 0 3 2 0 1 0 0/0 23:52 6:28 2:24
Kyle Wellwood 0 1 1 0 2 4 1 1 0 1 9/16 21:49 6:55 0:52
Marcus Kruger 0 0 0 0 0 4 0 0 2 0 1/8 10:37 0:00 1:59
Mats Zuccarello 1 0 1 0 0 2 2 1 1 0 0/0 18:59 6:56 0:00
Matt Smaby 0 0 0 0 0 3 1 2 0 0 0/0 25:56 5:38 1:25
Matthew Lombardi 0 0 0 0 2 1 0 0 0 0 2/4 8:23 0:00 1:24
Nathan Beaulieu 0 0 0 0 0 0 4 0 0 2 0/0 13:22 0:31 0:28
Oliver Ekman-Larsson 0 0 0 0 0 3 3 2 1 1 0/0 27:31 5:38 1:25
3 Stars
1 - Semyon Varlamov (Col)
2 - Steve Mason (Phi)
3 - Mats Zuccarello (Phi)
Power Play
Avalanche - 0 on 3 Attempt(s) - 0.00%
Flyers - 1 on 8 Attempt(s) - 12.50%
Penalty Kill
Avalanche - 7 on 8 Attempt(s) - 87.50%
- Score 0 goal in Penalty Kill
Flyers - 3 on 3 Attempt(s) - 100.00%
- Score 0 goal in Penalty Kill
Team Stat
Avalanche - Hits : 24 - Faceoff Wins : 31 - Blocked Shots : 11 - Penalty Minutes : 16
Flyers - Hits : 24 - Faceoff Wins : 32 - Blocked Shots : 10 - Penalty Minutes : 6
Official
Referees : Unknown
Linesman : Unknown
Game Notes
No Game Note
Finance
Level 1 -- Attendance: 3406 (56.77%) -- Ticket Income $425,750
Level 2 -- Attendance: 3377 (67.54%) -- Ticket Income $253,275
Level 3 -- Attendance: 1212 (60.60%) -- Ticket Income $60,600
Level 4 -- Attendance: 2182 (54.55%) -- Ticket Income $87,280
Luxury Box -- Attendance: 518 (51.80%) -- Ticket Income $129,500
Game was played at the Wells Fargo Center.
Total Attendance: 10695 (59.42%)
Total Ticket Income: $956,405
Other Income: $143,461
Total Income: $1,099,866
Avalanche
5 vs 5 Forward
Center Left Wing Right Wing Time % Phy DF OF
1 Bryan Little Mikkel Boedker Patric Hornqvist 35 1 2 2
2 Paul Stastny Andrew Ladd Alexander Radulov 35 1 2 2
3 Greg Campbell Andrei Kostitsyn Brandon Yip 20 1 2 2
4 Dominic Moore Zach Boychuk Chuck Kobasew 10 1 2 2
5 vs 5 Defense
Defense Defense Time % Phy DF OF
1 Pernell Karl Subban Jack Johnson 40 1 2 2
2 Jay Bouwmeester Marc Staal 35 1 2 2
3 Johnny Boychuk Dan Boyle 25 1 2 2
4 Marc Staal Jack Johnson 0 1 2 2
PowerPlay Forward
Center Left Wing Right Wing Time % Phy DF OF
1 Bryan Little Mikkel Boedker Patric Hornqvist 60 1 2 2
2 Paul Stastny Andrei Kostitsyn Alexander Radulov 40 1 2 2
PowerPlay Defense
Defense Defense Time % Phy DF OF
1 Jay Bouwmeester Jack Johnson 60 1 2 2
2 Pernell Karl Subban Marc Staal 40 1 2 2
Penalty Kill 4 Players Forward
Center Wing Time % Phy DF OF
1 Dominic Moore Chuck Kobasew 60 1 2 2
2 Andrew Ladd Brandon Yip 40 1 2 2
Penalty Kill 4 Players Defense
Defense Defense Time % Phy DF OF
1 Marc Staal Pernell Karl Subban 60 1 2 2
2 Jack Johnson Johnny Boychuk 40 1 2 2
Penalty Kill - 3 Players Forward
Forward Time % Phy DF OF
1 Chuck Kobasew 60 1 2 2
2 Andrew Ladd 40 1 2 2
Penalty Kill - 3 Players Defense
Defense Defense Time % Phy DF OF
1 Marc Staal Jack Johnson 60 1 2 2
2 Pernell Karl Subban Johnny Boychuk 40 1 2 2
4 vs 4 Forward
Center Wing Time % Phy DF OF
1 Patric Hornqvist Mikkel Boedker 60 1 2 2
2 Bryan Little Andrei Kostitsyn 40 1 2 2
4 vs 4 Defense
Defense Defense Time % Phy DF OF
1 Marc Staal Jack Johnson 60 1 2 2
2 Pernell Karl Subban Johnny Boychuk 40 1 2 2
Last Minutes Offensive
Center Left Wing Right Wing Defense Defense
Bryan Little Mikkel Boedker Patric Hornqvist Marc Staal Jack Johnson
Last Minutes Defensive
Center Left Wing Right Wing Defense Defense
Bryan Little Andrew Ladd Chuck Kobasew Marc Staal Jack Johnson
Goaltenders
Starting : Semyon Varlamov
Backup : Roberto Luongo
Extra Forwards
Normal : Andrew Ladd, Alexander Radulov, Greg Campbell - PP : Andrew Ladd, Alexander Radulov - PK : Greg Campbell
Extra Defensemen
Normal : Jay Bouwmeester, Dan Boyle, Pernell Karl Subban - PP : Jay Bouwmeester - PK : Jay Bouwmeester, Pernell Karl Subban
Penalty Shots
Mikkel Boedker, Patric Hornqvist, Paul Stastny, Bryan Little, Andrei Kostitsyn
Scratches
None
Flyers
5 vs 5 Forward
Center Left Wing Right Wing Time % Phy DF OF
1 Jeff Carter Drew Miller Jakub Voracek 40 0 1 4
2 Kyle Wellwood J.T. Miller Mats Zuccarello 30 0 1 4
3 Marcus Kruger Dany Heatley Jaromir Jagr 20 0 1 4
4 Matthew Lombardi Chris Mcallister Brian McGrattan 10 0 4 1
5 vs 5 Defense
Defense Defense Time % Phy DF OF
1 Oliver Ekman-Larsson Matt Smaby 30 1 3 1
2 Jeff Woywitka Nathan Beaulieu 30 1 3 1
3 Brian Lashoff Jonathan Ericsson 30 1 3 1
4 Oliver Ekman-Larsson Jeff Woywitka 10 1 3 1
PowerPlay Forward
Center Left Wing Right Wing Time % Phy DF OF
1 Jeff Carter Drew Miller Jakub Voracek 50 0 1 4
2 Kyle Wellwood J.T. Miller Mats Zuccarello 50 0 1 4
PowerPlay Defense
Defense Defense Time % Phy DF OF
1 Oliver Ekman-Larsson Matt Smaby 50 0 2 3
2 Jonathan Ericsson Jeff Woywitka 50 0 2 3
Penalty Kill 4 Players Forward
Center Wing Time % Phy DF OF
1 Matthew Lombardi Chris Mcallister 50 0 4 1
2 Kyle Wellwood J.T. Miller 50 0 4 1
Penalty Kill 4 Players Defense
Defense Defense Time % Phy DF OF
1 Oliver Ekman-Larsson Matt Smaby 50 1 4 0
2 Jeff Woywitka Jonathan Ericsson 50 1 4 0
Penalty Kill - 3 Players Forward
Forward Time % Phy DF OF
1 Matthew Lombardi 50 0 4 1
2 Kyle Wellwood 50 0 4 1
Penalty Kill - 3 Players Defense
Defense Defense Time % Phy DF OF
1 Oliver Ekman-Larsson Matt Smaby 50 1 4 0
2 Jeff Woywitka Jonathan Ericsson 50 1 4 0
4 vs 4 Forward
Center Wing Time % Phy DF OF
1 Jeff Carter Jakub Voracek 50 0 2 3
2 Kyle Wellwood J.T. Miller 50 0 2 3
4 vs 4 Defense
Defense Defense Time % Phy DF OF
1 Oliver Ekman-Larsson Matt Smaby 50 1 3 1
2 Jeff Woywitka Jonathan Ericsson 50 1 3 1
Last Minutes Offensive
Center Left Wing Right Wing Defense Defense
Jeff Carter Drew Miller Jakub Voracek Oliver Ekman-Larsson Jeff Woywitka
Last Minutes Defensive
Center Left Wing Right Wing Defense Defense
Matthew Lombardi Chris Mcallister Brian McGrattan Oliver Ekman-Larsson Jeff Woywitka
Goaltenders
Starting : Steve Mason
Backup : Cory Schneider
Extra Forwards
Normal : Jeff Carter, Kyle Wellwood, Drew Miller - PP : Jeff Carter, Kyle Wellwood - PK : Chris Mcallister
Extra Defensemen
Normal : Oliver Ekman-Larsson, Jeff Woywitka, Jonathan Ericsson - PP : Oliver Ekman-Larsson - PK : Oliver Ekman-Larsson, Jeff Woywitka
Penalty Shots
Jeff Carter, Dany Heatley, Kyle Wellwood, Jaromir Jagr, J.T. Miller
Scratches
None
% Time on Ice - Avalanche
Lines # - Real PCT - Wanted PCT - Time Play
Normal Forward
1 - 33% - 35% - 13:32
2 - 35% - 35% - 14:38
3 - 17% - 20% - 6:53
4 - 15% - 10% - 6:23
Normal Defense
1 - 35% - 40% - 14:37
2 - 40% - 35% - 16:45
3 - 24% - 25% - 10:04
4 - 0% - 0% - 0:00
PP Forward
1 - 51% - 60% - 2:12
2 - 49% - 40% - 2:05
PP Defense
1 - 37% - 60% - 1:36
2 - 63% - 40% - 2:41
PK Forward
1 - 73% - 60% - 9:00
2 - 27% - 40% - 3:23
PK Defense
1 - 66% - 60% - 8:09
2 - 34% - 40% - 4:14
PK3 Forward
1 - 100% - 60% - 0:14
2 - 0% - 40% - 0:00
PK3 Defense
1 - 100% - 60% - 0:14
2 - 0% - 40% - 0:00
44 Forward
1 - 70% - 60% - 4:41
2 - 30% - 40% - 1:59
44 Defense
1 - 66% - 60% - 4:23
2 - 34% - 40% - 2:17
Last Minute Offensive - 0:00
Last Minute Defensive - 0:00
Total
Forward - 65:00
Defense - 65:00
|
% Time on Ice - Flyers
Lines # - Real PCT - Wanted PCT - Time Play
Normal Forward
1 - 33% - 40% - 13:39
2 - 32% - 30% - 13:12
3 - 21% - 20% - 8:46
4 - 14% - 10% - 5:49
Normal Defense
1 - 36% - 30% - 15:07
2 - 30% - 30% - 12:17
3 - 30% - 30% - 12:31
4 - 4% - 10% - 1:31
PP Forward
1 - 45% - 50% - 5:41
2 - 55% - 50% - 6:56
PP Defense
1 - 49% - 50% - 6:09
2 - 51% - 50% - 6:28
PK Forward
1 - 79% - 50% - 3:23
2 - 21% - 50% - 0:54
PK Defense
1 - 33% - 50% - 1:25
2 - 67% - 50% - 2:52
PK3 Forward
1 - 0% - 50%
2 - 0% - 50%
PK3 Defense
1 - 0% - 50%
2 - 0% - 50%
44 Forward
1 - 44% - 50% - 2:57
2 - 56% - 50% - 3:43
44 Defense
1 - 52% - 50% - 3:29
2 - 48% - 50% - 3:11
Last Minute Offensive - 0:00
Last Minute Defensive - 0:00
Total
Forward - 65:00
Defense - 65:00
|
Play by Play
1st period
0:01 of 1st period - Jeff Carter wins face-off versus Bryan Little in neutral zone.
0:04 of 1st period - Mikkel Boedker is hit by Oliver Ekman-Larsson.
0:32 of 1st period - Snap shot by Paul Stastny.
0:32 of 1st period - Shot Blocked by Kyle Wellwood.
2:24 of 1st period - Snap shot by Marcus Kruger.
2:24 of 1st period - Stopped by Semyon Varlamov without a rebound.
2:25 of 1st period - Greg Campbell wins face-off versus Marcus Kruger in Avalanche zone.
2:27 of 1st period - Minor Penalty to Brandon Yip for Boarding.
2:28 of 1st period - Jakub Voracek wins face-off versus Dominic Moore in Avalanche zone.
2:28 of 1st period - Snap shot by Drew Miller.
2:28 of 1st period - Stopped by Semyon Varlamov without a rebound.
2:29 of 1st period - Jeff Carter wins face-off versus Dominic Moore in Avalanche zone.
3:48 of 1st period - Mats Zuccarello is hit by Andrew Ladd and loses puck.
4:27 of 1st period - Penalty to Brandon Yip is over, Brandon Yip is back on ice.
4:41 of 1st period - Snap shot by Paul Stastny.
4:41 of 1st period - Shot Misses the Net.
4:43 of 1st period - Slapshot by Johnny Boychuk.
4:43 of 1st period - Stopped by Steve Mason without a rebound.
4:44 of 1st period - Paul Stastny wins face-off versus Marcus Kruger in Flyers zone.
4:45 of 1st period - Snap shot by Andrew Ladd.
4:45 of 1st period - Deflect By Alexander Radulov.
4:45 of 1st period - Shot Misses the Net.
4:45 of 1st period - Puck is out of play.
4:46 of 1st period - Marcus Kruger wins face-off versus Paul Stastny in Flyers zone.
4:46 of 1st period - Marcus Kruger is hit by Andrew Ladd.
5:37 of 1st period - Snap shot by Kyle Wellwood.
5:37 of 1st period - Stopped by Semyon Varlamov without a rebound.
5:38 of 1st period - Greg Campbell wins face-off versus Kyle Wellwood in Avalanche zone.
6:05 of 1st period - Drew Miller is hit by Dan Boyle and loses puck.
6:44 of 1st period - Minor Penalty to Matthew Lombardi for Holding.
6:45 of 1st period - Bryan Little wins face-off versus Marcus Kruger in Flyers zone.
6:46 of 1st period - Slapshot by Patric Hornqvist.
6:46 of 1st period - Shot Misses the Net.
7:10 of 1st period - Slapshot by Marcus Kruger.
7:10 of 1st period - Stopped by Semyon Varlamov without a rebound.
7:11 of 1st period - Paul Stastny wins face-off versus Marcus Kruger in Avalanche zone.
8:44 of 1st period - Penalty to Matthew Lombardi is over, Matthew Lombardi is back on ice.
8:51 of 1st period - Wrist shot by Dominic Moore.
8:51 of 1st period - Shot Blocked by Oliver Ekman-Larsson.
9:03 of 1st period - Wrist shot by Marcus Kruger.
9:03 of 1st period - Stopped by Semyon Varlamov without a rebound.
9:04 of 1st period - Drew Miller wins face-off versus Greg Campbell in Avalanche zone.
9:07 of 1st period - Wrist shot by Drew Miller.
9:07 of 1st period - Stopped by Semyon Varlamov without a rebound.
9:08 of 1st period - Greg Campbell wins face-off versus Jeff Carter in Avalanche zone.
9:17 of 1st period - Snap shot by Greg Campbell.
9:17 of 1st period - Stopped by Steve Mason with a rebound.
9:25 of 1st period - Snap shot by Drew Miller.
9:25 of 1st period - Stopped by Semyon Varlamov with a rebound.
9:35 of 1st period - Wrist shot by Kyle Wellwood.
9:35 of 1st period - Shot Misses the Net.
9:37 of 1st period - Snap shot by Kyle Wellwood.
9:37 of 1st period - Stopped by Semyon Varlamov with a rebound.
9:55 of 1st period - Slapshot by Patric Hornqvist.
9:55 of 1st period - Shot Misses the Net.
9:57 of 1st period - Snap shot by Paul Stastny.
9:57 of 1st period - Deflect By Oliver Ekman-Larsson.
9:57 of 1st period - Stopped by Steve Mason with a rebound.
9:59 of 1st period - Slapshot by Johnny Boychuk.
9:59 of 1st period - Deflect By Alexander Radulov.
9:59 of 1st period - Stopped by Steve Mason with a rebound.
10:01 of 1st period - Slapshot by Johnny Boychuk.
10:01 of 1st period - Shot Blocked by Matt Smaby.
10:48 of 1st period - Snap shot by Matthew Lombardi.
10:48 of 1st period - Shot Misses the Net.
11:04 of 1st period - Snap shot by Kyle Wellwood.
11:04 of 1st period - Stopped by Semyon Varlamov with a rebound.
11:06 of 1st period - Wrist shot by J.T. Miller.
11:06 of 1st period - Shot Misses the Net.
11:08 of 1st period - Slapshot by Oliver Ekman-Larsson.
11:08 of 1st period - Stopped by Semyon Varlamov without a rebound.
11:09 of 1st period - Paul Stastny wins face-off versus Drew Miller in Avalanche zone.
11:19 of 1st period - Off-side.
11:20 of 1st period - Drew Miller wins face-off versus Paul Stastny in neutral zone.
11:29 of 1st period - Snap shot by Drew Miller.
11:29 of 1st period - Stopped by Semyon Varlamov with a rebound.
11:31 of 1st period - Minor Penalty to Andrew Ladd for Diving.
11:32 of 1st period - Kyle Wellwood wins face-off versus Dominic Moore in Avalanche zone.
11:50 of 1st period - Minor Penalty to Kyle Wellwood for Boarding.
11:51 of 1st period - Patric Hornqvist wins face-off versus Jeff Carter in Flyers zone.
11:55 of 1st period - Snap shot by Mikkel Boedker.
11:55 of 1st period - Stopped by Steve Mason with a rebound.
11:57 of 1st period - Snap shot by Patric Hornqvist.
11:57 of 1st period - Stopped by Steve Mason with a rebound.
11:59 of 1st period - Slapshot by Jack Johnson.
11:59 of 1st period - Shot Blocked by Oliver Ekman-Larsson.
12:01 of 1st period - Wrist shot by Mikkel Boedker.
12:01 of 1st period - Stopped by Steve Mason without a rebound.
12:02 of 1st period - Jeff Carter wins face-off versus Patric Hornqvist in Flyers zone.
12:02 of 1st period - Jeff Carter is hit by Jack Johnson.
12:08 of 1st period - Slapshot by Jonathan Ericsson.
12:08 of 1st period - Shot Blocked by Patric Hornqvist.
12:16 of 1st period - Snap shot by Mikkel Boedker.
12:16 of 1st period - Shot Misses the Net.
12:28 of 1st period - Jack Johnson is hit by Jeff Carter and loses puck.
12:45 of 1st period - J.T. Miller is hit by Pernell Karl Subban and loses puck.
13:01 of 1st period - Icing by Drew Miller.
13:02 of 1st period - Patric Hornqvist wins face-off versus Jeff Carter in Flyers zone.
13:31 of 1st period - Penalty to Andrew Ladd is over, Andrew Ladd is back on ice.
13:50 of 1st period - Penalty to Kyle Wellwood is over, Kyle Wellwood is back on ice.
13:51 of 1st period - Jack Johnson is hit by Kyle Wellwood and loses puck.
13:58 of 1st period - Snap shot by Chris Mcallister.
13:58 of 1st period - Deflect By Kyle Wellwood.
13:58 of 1st period - Shot Misses the Net.
13:58 of 1st period - Puck is out of play.
13:59 of 1st period - Jeff Carter wins face-off versus Dominic Moore in Avalanche zone.
14:00 of 1st period - Wrist shot by Jakub Voracek.
14:00 of 1st period - Stopped by Semyon Varlamov with a rebound.
14:33 of 1st period - Wrist shot by Mats Zuccarello.
14:33 of 1st period - Shot Blocked by Patric Hornqvist.
15:11 of 1st period - Slapshot by Andrei Kostitsyn.
15:11 of 1st period - Shot Blocked by Jeff Woywitka.
15:37 of 1st period - Backhand shot by Jeff Carter.
15:37 of 1st period - Deflect By Jakub Voracek.
15:37 of 1st period - Shot Misses the Net.
15:37 of 1st period - Puck is out of play.
15:38 of 1st period - Bryan Little wins face-off versus Kyle Wellwood in Avalanche zone.
16:12 of 1st period - Alexander Radulov is hit by Brian Lashoff and loses puck.
16:53 of 1st period - Slapshot by Jeff Woywitka.
16:53 of 1st period - Stopped by Semyon Varlamov with a rebound.
16:55 of 1st period - Slapshot by Matthew Lombardi.
16:55 of 1st period - Stopped by Semyon Varlamov with a rebound.
16:57 of 1st period - Slapshot by Oliver Ekman-Larsson.
16:57 of 1st period - Stopped by Semyon Varlamov without a rebound.
16:58 of 1st period - Jakub Voracek wins face-off versus Bryan Little in Avalanche zone.
17:10 of 1st period - Minor Penalty to Mikkel Boedker for Roughing.
17:11 of 1st period - Dominic Moore wins face-off versus Jeff Carter in Avalanche zone.
17:19 of 1st period - Jeff Carter is hit by Marc Staal and loses puck.
17:46 of 1st period - Snap shot by Kyle Wellwood.
17:46 of 1st period - Shot Blocked by Pernell Karl Subban.
17:48 of 1st period - Snap shot by Mats Zuccarello.
17:48 of 1st period - Goal by Mats Zuccarello - Avalanche : 0 - Flyers : 1.
17:49 of 1st period - Paul Stastny wins face-off versus Kyle Wellwood in neutral zone.
17:56 of 1st period - Slapshot by Pernell Karl Subban.
17:56 of 1st period - Stopped by Steve Mason without a rebound.
17:57 of 1st period - Alexander Radulov wins face-off versus Kyle Wellwood in Flyers zone.
18:08 of 1st period - Snap shot by Paul Stastny.
18:08 of 1st period - Deflect By Alexander Radulov.
18:08 of 1st period - Stopped by Steve Mason without a rebound.
18:09 of 1st period - Jeff Carter wins face-off versus Bryan Little in Flyers zone.
18:09 of 1st period - Jeff Carter is hit by Mikkel Boedker.
18:17 of 1st period - Backhand shot by Jonathan Ericsson.
18:17 of 1st period - Stopped by Semyon Varlamov with a rebound.
18:35 of 1st period - Pernell Karl Subban is hit by Brian Lashoff and loses puck.
18:56 of 1st period - Backhand shot by Pernell Karl Subban.
18:56 of 1st period - Shot Blocked by Jaromir Jagr.
19:02 of 1st period - Jack Johnson is hit by Nathan Beaulieu and loses puck.
19:07 of 1st period - Wrist shot by Marcus Kruger.
19:07 of 1st period - Stopped by Semyon Varlamov with a rebound.
19:25 of 1st period - Wrist shot by Mikkel Boedker.
19:25 of 1st period - Deflect By Matthew Lombardi.
19:25 of 1st period - Shot Misses the Net.
19:25 of 1st period - Puck is out of play.
19:26 of 1st period - Jeff Carter wins face-off versus Paul Stastny in Flyers zone.
19:34 of 1st period - Icing by Alexander Radulov.
19:35 of 1st period - Paul Stastny wins face-off versus Jeff Carter in Avalanche zone.
19:58 of 1st period - Slapshot by Paul Stastny.
19:58 of 1st period - Stopped by Steve Mason with a rebound.
Goals for this period are 0 for Avalanche vs 1 for Flyers.
Shots for this period are 10 for Avalanche vs 18 for Flyers.
2nd period
0:01 of 2nd period - Kyle Wellwood wins face-off versus Bryan Little in neutral zone.
0:37 of 2nd period - Snap shot by Matt Smaby.
0:37 of 2nd period - Deflect By Jeff Carter.
0:37 of 2nd period - Stopped by Semyon Varlamov without a rebound.
0:38 of 2nd period - Jeff Carter wins face-off versus Greg Campbell in Avalanche zone.
0:39 of 2nd period - Wrist shot by Jakub Voracek.
0:39 of 2nd period - Shot Blocked by Andrei Kostitsyn.
1:05 of 2nd period - Jeff Woywitka is hit by Patric Hornqvist and loses puck.
1:12 of 2nd period - Snap shot by Patric Hornqvist.
1:12 of 2nd period - Stopped by Steve Mason without a rebound.
1:13 of 2nd period - Bryan Little wins face-off versus Kyle Wellwood in Flyers zone.
1:26 of 2nd period - Slapshot by Jonathan Ericsson.
1:26 of 2nd period - Stopped by Semyon Varlamov without a rebound.
1:27 of 2nd period - Paul Stastny wins face-off versus Jeff Carter in Avalanche zone.
1:36 of 2nd period - Nathan Beaulieu is hit by Alexander Radulov and loses puck.
2:22 of 2nd period - J.T. Miller is hit by Brandon Yip and loses puck.
2:28 of 2nd period - Matt Smaby is hit by Andrei Kostitsyn and loses puck.
3:45 of 2nd period - Snap shot by Mats Zuccarello.
3:45 of 2nd period - Stopped by Semyon Varlamov with a rebound.
3:47 of 2nd period - Slapshot by Nathan Beaulieu.
3:47 of 2nd period - Shot Misses the Net.
3:49 of 2nd period - Wrist shot by J.T. Miller.
3:49 of 2nd period - Stopped by Semyon Varlamov with a rebound.
4:20 of 2nd period - Off-side.
4:21 of 2nd period - Paul Stastny wins face-off versus Matthew Lombardi in neutral zone.
4:53 of 2nd period - Wrist shot by Jeff Carter.
4:53 of 2nd period - Shot Misses the Net.
4:55 of 2nd period - Slapshot by Jonathan Ericsson.
4:55 of 2nd period - Deflect By Mikkel Boedker.
4:55 of 2nd period - Stopped by Semyon Varlamov with a rebound.
5:07 of 2nd period - Snap shot by Mats Zuccarello.
5:07 of 2nd period - Shot Blocked by Jay Bouwmeester.
5:09 of 2nd period - Backhand shot by Kyle Wellwood.
5:09 of 2nd period - Stopped by Semyon Varlamov with a rebound.
5:11 of 2nd period - Backhand shot by Oliver Ekman-Larsson.
5:11 of 2nd period - Deflect By Jay Bouwmeester.
5:11 of 2nd period - Stopped by Semyon Varlamov with a rebound.
5:37 of 2nd period - Snap shot by Zach Boychuk.
5:37 of 2nd period - Stopped by Steve Mason with a rebound.
5:39 of 2nd period - Wrist shot by Marc Staal.
5:39 of 2nd period - Stopped by Steve Mason without a rebound.
5:40 of 2nd period - Bryan Little wins face-off versus Jeff Carter in Flyers zone.
6:13 of 2nd period - Slapshot by Dany Heatley.
6:13 of 2nd period - Stopped by Semyon Varlamov with a rebound.
6:15 of 2nd period - Slapshot by Matt Smaby.
6:15 of 2nd period - Shot Blocked by Jack Johnson.
6:17 of 2nd period - Backhand shot by Matt Smaby.
6:17 of 2nd period - Stopped by Semyon Varlamov without a rebound.
6:18 of 2nd period - Paul Stastny wins face-off versus Jeff Carter in Avalanche zone.
6:22 of 2nd period - Off-side.
6:23 of 2nd period - Jeff Carter wins face-off versus Paul Stastny in neutral zone.
6:28 of 2nd period - Alexander Radulov is hit by Drew Miller.
6:40 of 2nd period - Slapshot by Drew Miller.
6:40 of 2nd period - Shot Blocked by Alexander Radulov.
6:58 of 2nd period - Wrist shot by Bryan Little.
6:58 of 2nd period - Stopped by Steve Mason with a rebound.
7:00 of 2nd period - Slapshot by Johnny Boychuk.
7:00 of 2nd period - Stopped by Steve Mason without a rebound.
7:01 of 2nd period - Bryan Little wins face-off versus Jeff Carter in Flyers zone.
7:13 of 2nd period - Icing by Jeff Carter.
7:14 of 2nd period - Bryan Little wins face-off versus Jeff Carter in Flyers zone.
7:33 of 2nd period - Bryan Little is hit by Matt Smaby and loses puck.
7:51 of 2nd period - Bryan Little is hit by Drew Miller and loses puck.
8:03 of 2nd period - Off-side.
8:04 of 2nd period - Paul Stastny wins face-off versus Kyle Wellwood in neutral zone.
8:33 of 2nd period - Greg Campbell is hit by Nathan Beaulieu and loses puck.
9:08 of 2nd period - Paul Stastny is hit by Nathan Beaulieu and loses puck.
9:29 of 2nd period - Slapshot by Drew Miller.
9:29 of 2nd period - Shot Blocked by Jack Johnson.
9:31 of 2nd period - Slapshot by Jeff Woywitka.
9:31 of 2nd period - Stopped by Semyon Varlamov with a rebound.
9:45 of 2nd period - Jaromir Jagr is hit by Greg Campbell.
10:09 of 2nd period - Snap shot by Dominic Moore.
10:09 of 2nd period - Shot Misses the Net.
10:11 of 2nd period - Wrist shot by Chuck Kobasew.
10:11 of 2nd period - Shot Blocked by Matt Smaby.
11:21 of 2nd period - Andrei Kostitsyn is hit by J.T. Miller.
11:38 of 2nd period - Minor Penalty to Paul Stastny for Holding.
11:39 of 2nd period - Drew Miller wins face-off versus Dominic Moore in Avalanche zone.
12:56 of 2nd period - Icing by Drew Miller.
12:57 of 2nd period - Jeff Carter wins face-off versus Greg Campbell in Flyers zone.
13:02 of 2nd period - Jack Johnson is hit by Jeff Carter and loses puck.
13:17 of 2nd period - Chuck Kobasew is hit by Oliver Ekman-Larsson and loses puck.
13:38 of 2nd period - Penalty to Paul Stastny is over, Paul Stastny is back on ice.
13:46 of 2nd period - Wrist shot by Chris Mcallister.
13:46 of 2nd period - Stopped by Semyon Varlamov without a rebound.
13:47 of 2nd period - Bryan Little wins face-off versus Matthew Lombardi in Avalanche zone.
13:54 of 2nd period - Backhand shot by Mikkel Boedker.
13:54 of 2nd period - Stopped by Steve Mason without a rebound.
13:55 of 2nd period - Jeff Carter wins face-off versus Bryan Little in Flyers zone.
14:32 of 2nd period - Slapshot by Jonathan Ericsson.
14:32 of 2nd period - Shot Blocked by Marc Staal.
14:37 of 2nd period - Off-side.
14:38 of 2nd period - Paul Stastny wins face-off versus Marcus Kruger in neutral zone.
15:06 of 2nd period - Minor Penalty to Greg Campbell for Tripping.
15:07 of 2nd period - Jeff Carter wins face-off versus Dominic Moore in Avalanche zone.
15:12 of 2nd period - Snap shot by Drew Miller.
15:12 of 2nd period - Stopped by Semyon Varlamov without a rebound.
15:13 of 2nd period - Jeff Carter wins face-off versus Dominic Moore in Avalanche zone.
16:36 of 2nd period - Slapshot by Jeff Carter.
16:36 of 2nd period - Stopped by Semyon Varlamov with a rebound.
16:44 of 2nd period - Snap shot by Jakub Voracek.
16:44 of 2nd period - Stopped by Semyon Varlamov without a rebound.
16:45 of 2nd period - Kyle Wellwood wins face-off versus Andrew Ladd in Avalanche zone.
17:06 of 2nd period - Penalty to Greg Campbell is over, Greg Campbell is back on ice.
17:11 of 2nd period - Off-side.
17:12 of 2nd period - Mikkel Boedker wins face-off versus Marcus Kruger in neutral zone.
17:21 of 2nd period - Snap shot by Bryan Little.
17:21 of 2nd period - Stopped by Steve Mason with a rebound.
17:49 of 2nd period - Minor Penalty to Paul Stastny for Interference.
17:50 of 2nd period - Kyle Wellwood wins face-off versus Dominic Moore in Avalanche zone.
17:52 of 2nd period - Snap shot by J.T. Miller.
17:52 of 2nd period - Deflect By Dominic Moore.
17:52 of 2nd period - Stopped by Semyon Varlamov without a rebound.
17:53 of 2nd period - Kyle Wellwood wins face-off versus Dominic Moore in Avalanche zone.
18:30 of 2nd period - Marc Staal is hit by Jeff Carter and loses puck.
18:49 of 2nd period - Pernell Karl Subban is hit by Mats Zuccarello and loses puck.
19:34 of 2nd period - Minor Penalty to Johnny Boychuk for Interference.
19:35 of 2nd period - Chuck Kobasew wins face-off versus Jeff Carter in Avalanche zone.
19:49 of 2nd period - Penalty to Paul Stastny is over, Paul Stastny is back on ice.
19:58 of 2nd period - Marc Staal is hit by Jeff Woywitka.
Goals for this period are 0 for Avalanche vs 0 for Flyers.
Shots for this period are 7 for Avalanche vs 15 for Flyers.
3rd period
0:01 of 3rd period - Kyle Wellwood wins face-off versus Dominic Moore in neutral zone.
0:06 of 3rd period - Slapshot by Matt Smaby.
0:06 of 3rd period - Stopped by Semyon Varlamov without a rebound.
0:07 of 3rd period - Kyle Wellwood wins face-off versus Dominic Moore in Avalanche zone.
1:16 of 3rd period - Slapshot by Marc Staal.
1:16 of 3rd period - Deflect By Oliver Ekman-Larsson.
1:16 of 3rd period - Stopped by Steve Mason with a rebound.
1:34 of 3rd period - Penalty to Johnny Boychuk is over, Johnny Boychuk is back on ice.
3:03 of 3rd period - Slapshot by Kyle Wellwood.
3:03 of 3rd period - Shot Misses the Net.
3:15 of 3rd period - Wrist shot by Johnny Boychuk.
3:15 of 3rd period - Stopped by Steve Mason with a rebound.
3:51 of 3rd period - Slapshot by Andrew Ladd.
3:51 of 3rd period - Shot Misses the Net.
3:59 of 3rd period - Snap shot by Johnny Boychuk.
3:59 of 3rd period - Shot Blocked by Mats Zuccarello.
4:07 of 3rd period - Brandon Yip is hit by J.T. Miller and loses puck.
4:40 of 3rd period - Slapshot by Mats Zuccarello.
4:40 of 3rd period - Shot Hit the Post.
4:42 of 3rd period - Slapshot by Matt Smaby.
4:42 of 3rd period - Stopped by Semyon Varlamov with a rebound.
4:48 of 3rd period - Slapshot by Mats Zuccarello.
4:48 of 3rd period - Shot Misses the Net.
4:50 of 3rd period - Slapshot by Oliver Ekman-Larsson.
4:50 of 3rd period - Shot Blocked by Jack Johnson.
5:06 of 3rd period - Snap shot by Andrew Ladd.
5:06 of 3rd period - Stopped by Steve Mason without a rebound.
5:07 of 3rd period - Jeff Carter wins face-off versus Bryan Little in Flyers zone.
5:26 of 3rd period - Dan Boyle is hit by Jakub Voracek and loses puck.
5:33 of 3rd period - Jeff Carter is hit by Patric Hornqvist.
5:41 of 3rd period - Slapshot by Bryan Little.
5:41 of 3rd period - Stopped by Steve Mason with a rebound.
5:43 of 3rd period - Snap shot by Pernell Karl Subban.
5:43 of 3rd period - Shot Blocked by Jakub Voracek.
5:53 of 3rd period - Wrist shot by Mikkel Boedker.
5:53 of 3rd period - Shot Misses the Net.
5:55 of 3rd period - Slapshot by Pernell Karl Subban.
5:55 of 3rd period - Stopped by Steve Mason without a rebound.
5:56 of 3rd period - Dominic Moore wins face-off versus Marcus Kruger in Flyers zone.
6:17 of 3rd period - Minor Penalty to Jaromir Jagr for Interference.
6:18 of 3rd period - Matthew Lombardi wins face-off versus Bryan Little in Flyers zone.
6:27 of 3rd period - Chris Mcallister is hit by Bryan Little and loses puck.
6:53 of 3rd period - Slapshot by Pernell Karl Subban.
6:53 of 3rd period - Shot Misses the Net.
7:03 of 3rd period - Alexander Radulov is hit by Jonathan Ericsson.
7:09 of 3rd period - Marcus Kruger is hit by Andrei Kostitsyn and loses puck.
7:22 of 3rd period - Wrist shot by Paul Stastny.
7:22 of 3rd period - Stopped by Steve Mason without a rebound.
7:23 of 3rd period - Matthew Lombardi wins face-off versus Bryan Little in Flyers zone.
7:23 of 3rd period - Matthew Lombardi is hit by Pernell Karl Subban.
8:17 of 3rd period - Penalty to Jaromir Jagr is over, Jaromir Jagr is back on ice.
8:19 of 3rd period - Marcus Kruger is hit by Andrei Kostitsyn and loses puck.
9:16 of 3rd period - Alexander Radulov is hit by Nathan Beaulieu and loses puck.
9:59 of 3rd period - Chris Mcallister is hit by Paul Stastny and loses puck.
12:03 of 3rd period - Icing by Mikkel Boedker.
12:04 of 3rd period - Bryan Little wins face-off versus Brian Lashoff in Avalanche zone.
12:09 of 3rd period - Nathan Beaulieu is hit by Zach Boychuk and loses puck.
12:58 of 3rd period - Slapshot by Marc Staal.
12:58 of 3rd period - Stopped by Steve Mason without a rebound.
12:59 of 3rd period - Bryan Little wins face-off versus Jeff Carter in Flyers zone.
14:17 of 3rd period - Slapshot by Patric Hornqvist.
14:17 of 3rd period - Deflect By Jaromir Jagr.
14:17 of 3rd period - Stopped by Steve Mason with a rebound.
14:19 of 3rd period - Wrist shot by Mikkel Boedker.
14:19 of 3rd period - Stopped by Steve Mason with a rebound.
14:27 of 3rd period - Snap shot by Mikkel Boedker.
14:27 of 3rd period - Stopped by Steve Mason with a rebound.
14:29 of 3rd period - Snap shot by Patric Hornqvist.
14:29 of 3rd period - Shot Misses the Net.
14:37 of 3rd period - Wrist shot by Bryan Little.
14:37 of 3rd period - Stopped by Steve Mason with a rebound.
14:39 of 3rd period - Snap shot by Mikkel Boedker.
14:39 of 3rd period - Goal by Mikkel Boedker - Avalanche : 1 - Flyers : 1.
14:40 of 3rd period - Paul Stastny wins face-off versus Kyle Wellwood in neutral zone.
15:09 of 3rd period - Brian McGrattan is hit by Greg Campbell and loses puck.
16:04 of 3rd period - Dan Boyle is hit by Jonathan Ericsson and loses puck.
16:41 of 3rd period - Snap shot by Chuck Kobasew.
16:41 of 3rd period - Shot Misses the Net.
16:51 of 3rd period - Bryan Little is hit by Oliver Ekman-Larsson and loses puck.
17:48 of 3rd period - Nathan Beaulieu is hit by Jay Bouwmeester.
18:00 of 3rd period - Minor Penalty to Zach Boychuk for Hooking.
18:01 of 3rd period - Jeff Carter wins face-off versus Dominic Moore in Avalanche zone.
18:04 of 3rd period - Slapshot by Drew Miller.
18:04 of 3rd period - Stopped by Semyon Varlamov with a rebound.
18:06 of 3rd period - Slapshot by Drew Miller.
18:06 of 3rd period - Shot Misses the Net.
18:08 of 3rd period - Wrist shot by Jakub Voracek.
18:08 of 3rd period - Shot Misses the Net.
18:10 of 3rd period - Snap shot by Jakub Voracek.
18:10 of 3rd period - Deflect By Pernell Karl Subban.
18:10 of 3rd period - Stopped by Semyon Varlamov without a rebound.
18:11 of 3rd period - Jeff Carter wins face-off versus Dominic Moore in Avalanche zone.
18:41 of 3rd period - Off-side.
18:42 of 3rd period - Kyle Wellwood wins face-off versus Andrew Ladd in neutral zone.
19:22 of 3rd period - Pernell Karl Subban is hit by Mats Zuccarello and loses puck.
19:27 of 3rd period - Snap shot by J.T. Miller.
19:27 of 3rd period - Shot Blocked by Pernell Karl Subban.
0:00 - Penalty to Zach Boychuk is over, Zach Boychuk is back on ice.
Goals for this period are 1 for Avalanche vs 0 for Flyers.
Shots for this period are 12 for Avalanche vs 4 for Flyers.
Overtime #1
0:01 of 1st overtime period - Patric Hornqvist wins face-off versus Jeff Carter in neutral zone.
1:52 of 1st overtime period - Chris Mcallister is hit by Alexander Radulov and loses puck.
2:16 of 1st overtime period - Wrist shot by Andrei Kostitsyn.
2:16 of 1st overtime period - Stopped by Steve Mason without a rebound.
2:17 of 1st overtime period - Kyle Wellwood wins face-off versus Bryan Little in Flyers zone.
3:09 of 1st overtime period - Jakub Voracek is hit by Alexander Radulov and loses puck.
3:28 of 1st overtime period - Kyle Wellwood is hit by Bryan Little and loses puck.
4:53 of 1st overtime period - Slapshot by Marc Staal.
4:53 of 1st overtime period - Shot Blocked by Drew Miller.
Goals for this period are 0 for Avalanche vs 0 for Flyers.
Shots for this period are 1 for Avalanche vs 0 for Flyers.
ShootOut
5:00 of 1st overtime period - Penalty Shot by Mikkel Boedker for Avalanche.
5:00 of 1st overtime period - Snap shot by Mikkel Boedker.
5:00 of 1st overtime period - Stopped by Steve Mason.
5:00 of 1st overtime period - Penalty Shot by Jeff Carter for Flyers.
5:00 of 1st overtime period - Snap shot by Jeff Carter.
5:00 of 1st overtime period - Shot Misses the Net.
5:00 of 1st overtime period - Penalty Shot by Patric Hornqvist for Avalanche.
5:00 of 1st overtime period - Wrist shot by Patric Hornqvist.
5:00 of 1st overtime period - Stopped by Steve Mason.
5:00 of 1st overtime period - Penalty Shot by Dany Heatley for Flyers.
5:00 of 1st overtime period - Deke by Dany Heatley.
5:00 of 1st overtime period - Goal by Dany Heatley.
5:00 of 1st overtime period - Penalty Shot by Paul Stastny for Avalanche.
5:00 of 1st overtime period - Wrist shot by Paul Stastny.
5:00 of 1st overtime period - Stopped by Steve Mason.
Back to the Top